AoeStats
← ToninMarvado

Arabia

510140501Analyzed
1v1 RM · 1d ago on Sep 29, 2026· 41m 40s· 2 players
Game mode
Random Map
Map size
Tiny (2 player)
Population
200
Speed
Normal
Resources
Standard
Victory
Conquest
Starting age
Dark Age
Ending age
Imperial Age
RankedLock teamsTeams togetherTeam positionsShared explorationLock speedFull tech treeHidden civsTurbo modeCheats
Victory
Defeat
🇧🇷 Varangians · Brazil
1228
+16
🇭🇺 Tatars · Hungary
1226
-16
Kiliander
9:58 Feudal Age
8:27 Loom
13:06 Town Watch
19:28 Castle Age
19:18 Double-Bit Axe
19:17 Horse Collar
21:09 Fletching
21:25 Husbandry
23:13 Bodkin Arrow
24:58 Bloodlines
26:35 Wheelbarrow
27:30 Padded Archer Armor
29:11 Ballistics
31:08 Leather Archer Armor
38:26 Imperial Age
38:55 Masonry
39:31 Bracer
42:10 Chemistry
ToninMarvado
4:39 Loom
9:15 Feudal Age
9:45 Double-Bit Axe
12:31 Bloodlines
19:56 Castle Age
18:30 Scale Barding Armor
18:37 Gold Mining
18:39 Horse Collar
19:45 Forging
20:47 Wheelbarrow
20:50 Town Watch
22:11 Chain Barding Armor
22:30 Padded Archer Armor
22:22 Fletching
23:31 Husbandry
25:05 Iron Casting
26:34 Light Cavalry
28:13 Bow Saw
28:14 Stone Mining
33:38 Imperial Age
31:36 Bodkin Arrow
32:05 Ballistics
34:25 Cavalier
35:51 Plate Barding Armor
36:17 Blast Furnace
37:24 Stone Shaft Mining
37:25 Leather Archer Armor
38:05 Bracer
37:38 Vendel Legacy
Connection lost

Rejoining the realm…

Still unreachable

The connection could not be restored.

Session expired

The server has moved on; the page needs a fresh start.